 Dungeon Crawl Stone Soup version 0.28-a0-1638-g9123634e07 (webtiles) character file.

Game seed: 4159886827290038737

146 hatsuma the Magician (level 5, -3/26 HPs)
             Began as a Deep Elf Hedge Wizard on Jan 25, 2022.
             Was a Follower of Hepliaklqana.
             Slain by a worm (11 damage)
             ... on level 3 of the Dungeon.
             The game lasted 00:18:48 (3873 turns).

hatsuma the Magician (Deep Elf Hedge Wizard)        Turns: 3873, Time: 00:18:49

Health: -3/26      AC:  2    Str:  7    XL:     5   Next: 7%
Magic:  13/13      EV: 12    Int: 21    God:    Hepliaklqana [*.....]
Gold:   102        SH:  0    Dex: 14    Spells: 0/12 levels left

rFire   . . .      SeeInvis .   a - +0 dagger
rCold   . . .      Faith    +   (no shield)
rNeg    . . .      Spirit   .   b - +0 robe
rPois   .          Reflect  .   c - +0 hat
rElec   .          Harm     .   (no cloak)
rCorr   .          Rampage  .   (no gloves)
Will    .....                   (no boots)
Stlth   ++........              k - amulet of faith
HPRegen 0.08/turn               (no ring)
MPRegen 0.13/turn               (no ring)

@: no status effects
A: reduced essence
a: Renounce Religion, Recall Ancestor, Ancestor Identity


You were on level 3 of the Dungeon.
You worshipped Hepliaklqana.
Hepliaklqana was aware of your devotion.
You visited 1 branch of the dungeon, and saw 3 of its levels.

You collected 102 gold pieces.

Inventory:

Hand Weapons
 a - a +0 dagger (weapon)
Armour
 b - a +0 robe (worn)
 c - a +0 hat (worn)
Jewellery
 k - an amulet of faith (around neck)
Scrolls
 f - a scroll of blinking
 g - a scroll of brand weapon
 j - a scroll of magic mapping {unknown}
 l - a scroll of noise {unknown}
Potions
 d - a potion of ambrosia
 h - a potion of invisibility
 i - a potion of brilliance {unknown}


   Skills:
 - Level 1.0 Fighting
 - Level 2.4 Dodging
 - Level 2.4 Stealth
 - Level 4.4 Spellcasting
 - Level 2.1 Conjurations
 - Level 3.8 Hexes
 - Level 2.4 Summonings
 - Level 2.0 Translocations
 + Level 0.6 Fire Magic


You couldn't memorise any spells.
You knew the following spells:

 Your Spells              Type           Power      Damage    Failure   Level
a - Magic Dart            Conj           52%        1d5       4%          1
b - Slow                  Hex            80%        N/A       2%          1
c - Call Imp              Summ           15%        N/A       6%          2
d - Blink                 Tloc           26%        N/A       8%          2
e - Conjure Flame         Conj/Fire      10%        6-21      21%         3
f - Mephitic Cloud        Conj/Pois/Air  7%         N/A       26%         3

Your spell library contained the following spells:

 Spells                   Type           Power      Damage    Failure   Level


Dungeon Overview and Level Annotations

Branches:
Dungeon (3/15)

Altars:
Hepliaklqana

Annotations:
D:2 1 runed translucent door, Crazy Yiuf


Message History

The jackal bites you but does no damage.
Marzanna hits the jackal.
The jackal dies!
The jackal closely misses you.
You see here a jackal corpse.
Marzanna hits the jackal.
Casting: Magic Dart (safe; 4% risk of failure)
Confirm with . or Enter, or press ? or * to list all spells.
Aiming: Magic Dart (safe; 4% risk of failure)
Press: ? - help, Shift-Dir - straight line, f - jackal
Aim: a jackal (heavily wounded, ally target, 100% to hit)
The magic dart hits the jackal.
The jackal is severely wounded.
The jackal misses you. The jackal bites you.
Marzanna barely misses the jackal.
You hit the jackal.
You kill the jackal!
You barely miss the worm. The worm bites you.
Marzanna hits the worm.
You hit the worm but do no damage.
The worm is moderately wounded.
Marzanna hits the worm.
You hit the worm.
The worm is heavily wounded.
The worm barely misses you.
Marzanna barely misses the worm.
You hit the worm but do no damage.
The worm is moderately wounded.
Marzanna hits the worm.
The worm bites you!
You hit the worm.
The worm is heavily wounded.
Marzanna hits the worm.
You hit the worm.
The worm is severely wounded.
Marzanna hits the worm but does no damage.
The worm bites you.
You hit the worm.
The worm is severely wounded.
Marzanna hits the worm.
You barely miss the worm.
The worm is almost dead.
The worm bites you!
You die...

#######.##
#R@..>....
#w#####.#=
#.# #.# #.#
#.#
#hhh..†.....#
#.#.##..#.#.#
# #..# #


You could see the friendly Marzanna the ancestor and a worm (ally target).

Vanquished Creatures
  An adder (D:2)
  A dart slug (D:1)
  3 orcs
  5 ball pythons
  7 endoplasms
  A giant cockroach (D:1)
  2 hobgoblins (D:1)
  A jackal (D:3)
  3 quokkas
  2 bats (D:1)
  8 goblins
  5 kobolds
  6 rats
45 creatures vanquished.

Vanquished Creatures (collateral kills)
  Terence (D:2)
  An orc wizard (D:3)
  A worm (D:2)
  A dart slug (D:2)
  2 orcs (D:3)
  3 endoplasms
  A giant cockroach (D:2)
  A goblin (D:1)
  3 hobgoblins
  3 jackals (D:3)
  2 quokkas (D:2)
  A bat (D:2)
  A frilled lizard (D:3)
21 creatures vanquished.

Grand Total: 66 creatures vanquished

Notes
Turn   | Place    | Note
-------+----------+-------------------------------------------
     0 | D:1      | hatsuma the Deep Elf Hedge Wizard began the quest for the
                  | Orb.
     0 | D:1      | Reached XP level 1. HP: 10/10 MP: 7/7
   284 | D:1      | Reached skill level 1 in Fighting
   325 | D:1      | Reached XP level 2. HP: 16/16 MP: 7/9
   327 | D:1      | Learned a level 1 spell: Slow
   330 | D:1      | Learned a level 2 spell: Call Imp
   333 | D:1      | Learned a level 2 spell: Blink
   697 | D:1      | Reached skill level 1 in Hexes
  1309 | D:1      | Reached XP level 3. HP: 20/20 MP: 10/10
  2209 | D:2      | Noticed Terence
  2229 | D:2      | Killed Terence
  2338 | D:2      | Found a faded altar of an unknown god.
  2373 | D:2      | Reached XP level 4. HP: 25/25 MP: 6/12
  2957 | D:2      | Prayed at the altar of an unknown god.
  2957 | D:2      | Became a worshipper of Hepliaklqana the Forgotten
  2957 | D:2      | Reached * piety under Hepliaklqana
  3025 | D:2      | Found a runed translucent door.
  3026 | D:2      | Noticed Crazy Yiuf
  3512 | D:3      | Reached XP level 5. HP: 8/26 MP: 0/13
  3734 | D:2      | Learned a level 3 spell: Conjure Flame
  3738 | D:2      | Learned a level 3 spell: Mephitic Cloud
  3873 | D:3      | Slain by a worm

Illustrated notes

Levels and vault maps discovered:
D:1:      lightli_arrival_statue_moat, layout_basic
D:2:      minmay_chambers_of_ones, layout_rooms, shapermc_ecumenical_altar_venn,
          uniq_crazy_yiuf_cottage, uniq_terence
D:3:      layout_loops_ring, nicolae_gozag_seed_capital, amcnicky_altar_gilded,
          mainiacjoe_overflow_alcove_1, uniq_sigmund, uniq_grinder

Skill      XL: |  1  2  3  4 |
---------------+-------------+-----
Fighting       | 1 |  1.0
Hexes          | 2 3 |  3.8
Conjurations   | 2 |  2.1
Summonings     | 2 |  2.4
Translocations | 2 |  2.0
Dodging        | |  2.4
Stealth        | |  2.4
Spellcasting   | |  4.4
Fire Magic     | |  0.6

Action                   |  1- 3 |  4- 6 || total
-------------------------+-------+-------++-------
Melee: Dagger            |    40 |    22 ||    62
 Cast: Magic Dart        |    71 |    32 ||   103
       Slow              |     7 |     1 ||     8
       Call Imp          |     5 |     6 ||    11
  Use: Scroll            |     1 |     4 ||     5
 Stab: Sleeping          |     4 |     1 ||     5
       Distracted        |       |     1 ||     1
Armor: Robe              |    12 |     8 ||    20
Dodge: Dodged            |    31 |    17 ||    48

Table legend: (Time is in decaauts)
 A = Elapsed time spent in this place.
 B = Non-inter-level travel time spent in this place.
 C = Inter-level travel time spent in this place.
 D = Time resting spent in this place.
 E = Time spent auto-exploring this place.
 F = Levels seen in this place.
 G = Mean time per level.
                   A        B        C        D        E       F      G
               +--------+--------+--------+--------+--------+-----+--------+
         Total |   3874 |   3735 |    139 |    810 |   2311 |   3 | 1291.3 |
       Dungeon |   3874 |   3735 |    139 |    810 |   2311 |   3 | 1291.3 |
               +--------+--------+--------+--------+--------+-----+--------+

Top non-repeatable levels by time:
     D:1: 2189 daAuts
     D:2: 1587 daAuts
     D:3: 97 daAuts
